 Dungeon Crawl Stone Soup version 0.19.1 (webtiles) character file.

413 Gargoyl the Skirmisher (level 6, 0/48 HPs)
             Began as a Demonspawn Abyssal Knight on Nov 28, 2016.
             Was a Believer of Lugonu.
             Succumbed to Edmund's poison
             ... on level 4 of the Dungeon on Nov 29, 2016.
             The game lasted 00:07:21 (3627 turns).

Gargoyl the Skirmisher (Demonspawn Abyssal Knight)  Turns: 3627, Time: 00:07:22

Health: 0/48       AC: 13    Str: 12 (14) XL:     6   Next: 59%
Magic:  9/9        EV:  5    Int: 18 (19) God:    Lugonu [**....]
Gold:   172        SH:  3    Dex: 10 (12) Spells: 0 memorised, 5 levels left

rFire  . . .     SeeInvis .     a - +1 hand axe
rCold  . . .     Gourm    .     l - +0 chain mail
rNeg   + + .     Faith    .     o - +0 buckler
rPois  .         Spirit   .     d - +1 helmet
rElec  .         Reflect  .     (no cloak)
rCorr  .         Harm     .     (no gloves)
MR     .....                    (no boots)
Stlth  ..........               w - amulet of magic regeneration
                                j - ring of positive energy
                                b - ring of positive energy

@: brilliant, lethally poisoned (0 -> -10)
A: molten scales 1, demonic guardian 2, spiny 1
a: Depart the Abyss, Bend Space, Renounce Religion


You were on level 4 of the Dungeon.
You worshipped Lugonu.
Lugonu was pleased with you.
You were not hungry.

You visited 1 branch of the dungeon, and saw 4 of its levels.
You visited the Abyss 1 time.

You collected 172 gold pieces.

Inventory:

Hand Weapons
 a - a +1 hand axe (weapon)
 r - a +0 spear
Missiles
 v - 6 tomahawks (quivered)
Armour
 d - a +1 helmet (worn)
 l - a +0 chain mail (worn)
 o - a +0 buckler (worn)
Jewellery
 b - a ring of positive energy (left hand)
 j - a ring of positive energy (right hand)
 w - an amulet of magic regeneration (around neck)
 x - an uncursed ring of flight {unknown}
 y - a +3 ring of strength {unknown}
Scrolls
 f - 4 scrolls of remove curse
 u - 3 scrolls of blinking
 z - a scroll of identify
 A - a scroll of random uselessness {unknown}
 B - a scroll of immolation {unknown}
 D - 2 scrolls of teleportation {unknown}
Potions
 e - a potion of might
 i - a potion of degeneration
 m - a potion of lignification {unknown}
 n - a potion of brilliance
 p - a potion of haste {unknown}
 q - 2 potions of curing {unknown}
 C - 2 potions of berserk rage {unknown}
 E - a potion of heal wounds {unknown}
Books
 t - a Young Poisoner's Handbook

   Spells                             Type                      Level
   a - Sting                          Conjuration/Poison           1
   b - Mephitic Cloud                 Conjuration/Poison/Air       3
   c - Olgreb's Toxic Radiance        Poison                       4
   d - Alistair's Intoxication        Transmutation/Poison         5
   e - Venom Bolt                     Conjuration/Poison           5
Comestibles
 c - 2 bread rations
 g - a beef jerky
 h - a royal jelly
 k - 3 meat rations
 s - 3 slices of pizza


   Skills:
 + Level 4.0 Fighting
 + Level 3.8 Axes
 + Level 0.5 Throwing
 * Level 3.8 Armour
 + Level 1.1 Dodging
 + Level 1.0 Shields
 * Level 4.0 Invocations


You had 5 spell levels left.
You didn't know any spells.

Dungeon Overview and Level Annotations

Branches:
Dungeon (4/15)
 Temple: D:4-7

Altars:
Kikubaaqudgha


Innate Abilities, Weirdness & Mutations

You are partially covered in molten scales. (AC +2)
A demonic guardian rushes to your aid.
You are partially covered in sharp spines.


Message History

You miss the orc. You miss something.
You feel sick. The orc hits you but does no damage.
You are electrocuted!
* * * LOW HITPOINT WARNING * * *
Something hits you but does no damage.
Unknown command.
* * * LOW HITPOINT WARNING * * *
You feel sick.
There is a stone staircase leading down here.
Unknown command.
It was a potion of brilliance.
You feel clever all of a sudden.
You feel less confused.
* * * LOW HITPOINT WARNING * * *
You feel sick.
The orc hits you with a hand axe of electrocution.
* * * LOW HITPOINT WARNING * * *
Something hits you but does no damage.
It was a potion of degeneration.
There was something very wrong with that liquid.
You feel weakened.
You feel dopey.
You feel clumsy.
You die...

#...# #########
#.#.######.....#..
#.................
#..#####.......... ###
##..#####..(.......
....####...#...#........>.
$.....?...................
###...)...................
#.....o@#.###..........<
#.............#.........
.$......####..........##.
.........# ##..........#..
#........###.........#...#
##.......##..........##..#
....[...##..........###..
.......###.............)#
...#........[......


You could see an orc.

Vanquished Creatures
  Edmund (D:4)
  A hound (D:4)
  3 orc wizards (D:4)
  An iguana (D:4)
  A worker ant (D:4)
  4 gnolls
  2 adders
  A shadow imp (D:4)
  3 oozes
  3 dart slugs
  A worm (D:4)
  3 leopard geckos
  6 orcs
  A ball python (D:3)
  A bat zombie (D:3)
  3 giant cockroaches
  2 hobgoblins
  4 jackals
  2 kobolds (D:3)
  6 bats
  2 frilled lizards
  7 goblins
  6 rats
  3 rat zombies (D:3)
67 creatures vanquished.

Vanquished Creatures (collateral kills)
  An orc priest (D:4)
  A leopard gecko (D:4)
  An orc (D:4)
3 creatures vanquished.

Grand Total: 70 creatures vanquished

Notes
Turn   | Place    | Note
-------+----------+-------------------------------------------
     0 | Abyss:1  | Gargoyl the Demonspawn Abyssal Knight began the quest for the Orb.
     0 | Abyss:1  | Reached XP level 1. HP: 18/18 MP: 2/2
    50 | Abyss:2  | Noticed a quasit
    71 | Abyss:2  | Noticed a ynoxinul
    92 | D:1      | Escaped the Abyss
   131 | D:1      | Reached skill level 1 in Dodging
   181 | D:1      | Gained mutation: You are partially covered in molten scales. (AC +2) [demonic ancestry]
   181 | D:1      | Reached XP level 2. HP: 22/24 MP: 3/3
   740 | D:1      | Reached * piety under Lugonu
   740 | D:1      | Gained mutation: You are partially covered in sharp spines. [demonic ancestry]
   740 | D:1      | Reached XP level 3. HP: 29/29 MP: 4/4
  1127 | D:2      | Gained mutation: A weak demonic guardian rushes to your aid. [demonic ancestry]
  1127 | D:2      | Reached XP level 4. HP: 25/36 MP: 4/6
  2549 | D:3      | Found an ancient bone altar of Kikubaaqudgha.
  2924 | D:3      | Reached ** piety under Lugonu
  2992 | D:4      | Gained mutation: A demonic guardian rushes to your aid. [demonic ancestry]
  2992 | D:4      | Reached XP level 5. HP: 31/42 MP: 7/7
  3246 | D:4      | Reached XP level 6. HP: 10/48 MP: 8/8
  3608 | D:4      | Noticed Edmund
  3618 | D:4      | Killed Edmund
  3618 | D:4      | Reached skill level 1 in Shields
  3626 | D:4      | HP: 1/48 [orc/hand axe of electrocution (5)]
  3627 | D:4      | Succumbed to Edmund's poison

Skill      XL: |  1  2  3  4  5  6 |
---------------+-------------------+-----
Armour         | 2 3 |  3.8
Dodging        | 1 |  1.1
Axes           | 2 3 |  3.8
Invocations    | 3 4 |  4.0
Fighting       | 4 |  4.0
Shields        | 1 |  1.0
Throwing       | |  0.5

Action                   |  1- 3 |  4- 6 || total
-------------------------+-------+-------++-------
Melee: Hand axe          |    57 |   121 ||   178
Throw: Tomahawk          |       |     6 ||     6
Invok: Depart the Abyss  |     1 |       ||     1
  Use: Scroll            |     3 |     2 ||     5
       Potion            |       |     4 ||     4
  Eat: Chunk             |     1 |     7 ||     8
       Fruit             |       |     3 ||     3
Armor: Ring mail         |     6 |       ||     6
       Leather armour    |     1 |       ||     1
       Chain mail        |    30 |    98 ||   128
Dodge: Dodged            |    31 |    30 ||    61
Block: Buckler           |       |    18 ||    18
